 Dungeon Crawl Stone Soup version 0.21.0-25-ge575cb9 (webtiles) character file.

40 Mirai the Skirmisher (level 3, -2/34 HPs)
             Began as a Minotaur Abyssal Knight on Jan 25, 2018.
             Was a Believer of Lugonu.
             Slain by a sky beast (4 damage)
             ... on level 3 of the Dungeon.
             The game lasted 00:08:22 (1661 turns).

Mirai the Skirmisher (Minotaur Abyssal Knight)      Turns: 1661, Time: 00:08:23

Health: -2/34      AC:  8    Str: 17    XL:     3   Next: 30%
Magic:  0/3        EV:  7    Int:  9    God:    Lugonu [**....]
Gold:   54         SH:  0    Dex:  9    Spells: 2/2 levels left

rFire    . . .     SeeInvis .   j - +0 hand axe
rCold    . . .     Gourm    .   (no shield)
rNeg     . . .     Faith    .   t - +0 chain mail
rPois    .         Spirit   +   (helmet restricted)
rElec    .         Reflect  .   (no cloak)
rCorr    +         Harm     .   (no gloves)
MR       .....                  (no boots)
Stlth    ..........             l - amulet of guardian spirit
HPRegen  0.11/turn              i - ring of resist corrosion
MPRegen  0.08/turn              (no ring)

@: no status effects
A: retaliatory headbutt, horns 2
a: Depart the Abyss, Bend Space, Renounce Religion


You were on level 3 of the Dungeon.
You worshipped Lugonu.
Lugonu was pleased with you.
You were not hungry.

You visited 1 branch of the dungeon, and saw 3 of its levels.
You visited the Abyss 1 time.

You collected 54 gold pieces.

Inventory:

Hand Weapons
 a - a +1 mace
 j - a +0 hand axe (weapon)
 m - a +0 dagger
 n - a +0 dagger
 p - a cursed +0 long sword
 s - a +0 short sword
Missiles
 d - 75 arrows
 e - 5 needles of confusion
 h - a throwing net (quivered)
 r - 32 bolts
 w - 6 javelins
 A - 10 poisoned needles
 B - 58 stones
Armour
 t - a +0 chain mail (worn)
 v - a +0 ring mail
 x - a +0 scale mail
Jewellery
 i - a ring of resist corrosion (left hand)
 l - an amulet of guardian spirit (around neck)
Scrolls
 b - a scroll of identify {unknown}
 f - a scroll of remove curse {unknown}
 g - 3 scrolls of amnesia {unknown}
 o - a scroll of fog {unknown}
 q - 3 scrolls of teleportation {unknown}
 y - 2 scrolls of enchant armour {unknown}
 D - a scroll of immolation {unknown}
 E - a scroll of random uselessness {unknown}
 F - a scroll of fear {unknown}
Potions
 k - a potion of curing {unknown}
 u - 2 potions of cancellation {unknown}
 C - a potion of resistance {unknown}
Comestibles
 c - 4 rations
 z - 5 chunks of flesh


   Skills:
 + Level 4.5 Fighting
 * Level 1.9(2.5) Axes
 - Level 2.4(2.8) Maces & Flails
 + Level 2.5 Armour
 + Level 1.1 Dodging
 + Level 2.2 Invocations


You had 2 spell levels left.
You didn't know any spells.

Dungeon Overview and Level Annotations

Branches:
Dungeon (3/15)

Altars:


Innate Abilities, Weirdness & Mutations

You reflexively headbutt those who attack you in melee.
You have a pair of horns on your head.


Message History

You see here a rat skeleton.
Found a rapier.
A sky beast comes into view.
Found a plate armour.
The sky beast hits you but does no damage.
You closely miss the sky beast. The sky beast hits you.
The sky beast shocks you.
You closely miss the sky beast. You headbutt the sky beast.
The sky beast is lightly wounded.
The sky beast flickers out of sight!
Deactivating autopickup; reactivate with Ctrl-A.
Something hits you. Something shocks you. Something hits you.
Something shocks you.
* * * LOW HITPOINT WARNING * * *
Your chain mail prevents you from hitting something.
Something hits you but does no damage.
You miss something. Something hits you.
* * * LOW HITPOINT WARNING * * *
Something shocks you.
You die...

### #.# #.# ..#
#.###################.#
#.#.............@{)...#
#.#.#################[#
#.#.# ..#.# ###.# # #.#
# #.# # #.# ####.
###.###......


There were no monsters in sight!

Vanquished Creatures
  2 worms
  A leopard gecko (D:2)
  A giant cockroach (D:1)
  6 goblins
  6 hobgoblins
  2 jackals (D:2)
  3 bats
  4 frilled lizards
  6 rats
31 creatures vanquished.

Notes
Turn   | Place    | Note
-------+----------+-------------------------------------------
     0 | Abyss:1  | Mirai the Minotaur Abyssal Knight began the quest for the Orb.
     0 | Abyss:1  | Reached XP level 1. HP: 19/19 MP: 1/1
     8 | D:1      | Escaped the Abyss
   155 | D:1      | Reached skill level 4 in Fighting
   201 | D:1      | Reached XP level 2. HP: 10/27 MP: 2/2
  1066 | D:2      | Reached skill level 1 in Axes
  1150 | D:2      | Reached XP level 3. HP: 33/34 MP: 3/3
  1186 | D:2      | Reached ** piety under Lugonu
  1654 | D:3      | Noticed a sky beast
  1661 | D:3      | Slain by a sky beast

Skill      XL: |  1  2 |
---------------+-------+-----
Fighting       | 4 |  4.5
Invocations    | 2 |  2.2
Axes           | 1 |  1.9
Maces & Flails | |  2.4
Armour         | |  2.5
Dodging        | |  1.1

Action                   || total
-------------------------++-------
Melee: Hand axe          ||    77
       Mace              ||     4
       Headbutt          ||    13
  Eat: Chunk             ||     2
Armor: Leather armour    ||     6
       Chain mail        ||    14
Dodge: Dodged            ||    32
